 Dungeon Crawl Stone Soup version 0.29-a0-364-g921d912d32 (webtiles) character file.

Game seed: 13221693844190441195

14433 sammy202020 the Fighter (level 11, -12/104 HPs)
             Began as a Demonspawn Berserker on Apr 30, 2022.
             Was a High Priest of Trog.
             Mangled by an orc warrior
             ... wielding a +0 dire flail
              (16 damage)
             ... on level 9 of the Dungeon.
             The game lasted 00:23:48 (13865 turns).

sammy202020 the Fighter (Demonspawn Berserker)     Turns: 13865, Time: 00:23:50

Health: -12/104    AC: 10    Str: 19    XL:     11   Next: 88%
Magic:  0/11       EV:  8    Int: 11    God:    Trog [*****.]
Gold:   770        SH:  5    Dex: 13    Spells: 10/10 levels left

rFire   + . .      SeeInvis .   N - +3 war axe (vorpal)
rCold   . . .      Faith    .   (no shield)
rNeg    . . .      Spirit   .   Q - +0 plate armour
rPois   +          Reflect  +   (helmet unavailable)
rElec   .          Harm     .   A - +0 cloak
rCorr   +          Rampage  .   m - +2 pair of gloves {infuse}
Will    +....                   B - +0 pair of boots
Stlth   ..........              V - amulet of Iwnuyc {Reflect rPois Will+ SH+5}
HPRegen 1.27/turn               d - ring of resist corrosion
MPRegen 0.24/turn               y - ring of protection from fire

@: corroded, on berserk cooldown
A: horns 3, molten scales 1, powered by death 1, magic regeneration, robust 1,
shaggy fur 1
a: Renounce Religion, Berserk, Trog's Hand, Brothers in Arms


You were on level 9 of the Dungeon.
You worshipped Trog.
Trog was extremely pleased with you.
You visited 1 branch of the dungeon, and saw 11 of its levels.
You also visited: Sewer and Gauntlet.

You collected 770 gold pieces.

Inventory:

Hand Weapons
 z - a +4 scimitar of flaming
 G - a +3 hunting sling
 N - a +3 vorpal war axe (weapon)
Missiles
 p - 4 silver javelins
 C - 22 poisoned darts (quivered)
 Z - 2 boomerangs
Armour
 m - a +2 pair of gloves of infusion (worn)
 A - a +0 cloak (worn)
 B - a +0 pair of boots (worn)
 Q - a +0 plate armour (worn)
Jewellery
 d - a ring of resist corrosion (left hand)
 y - a ring of protection from fire (right hand)
 E - a +4 ring of evasion
 P - a ring of ice
 U - a ring of willpower
 V - the amulet of Iwnuyc (around neck) {Reflect rPois Will+ SH+5}
   (You found it in a Gauntlet)

   [amulet of reflection]

   It reflects blocked missile attacks.
   rPois:     It protects you from poison.
   SH:        It affects your SH (+5).
   Will:      It increases your willpower.
Wands
 t - a wand of mindburst (6)
 I - a wand of polymorph (16)
 J - a wand of paralysis (16)
 K - a wand of digging (8)
 R - a wand of charming (8)
 S - a wand of acid (6)
 X - a wand of flame (45)
Scrolls
 c - 5 scrolls of magic mapping
 e - 3 scrolls of fear
 f - 2 scrolls of vulnerability
 n - 4 scrolls of teleportation
 o - a scroll of silence
 v - a scroll of identify
 w - 2 scrolls of blinking
 M - 3 scrolls of fog
 T - 2 scrolls of enchant armour
Potions
 a - 4 potions of flight
 b - a potion of cancellation
 g - 6 potions of heal wounds
 h - a potion of invisibility
 i - 3 potions of attraction
 j - 4 potions of curing
 k - 2 potions of ambrosia
 l - 2 potions of resistance
 s - a potion of mutation
 u - 3 potions of haste
 x - 4 potions of brilliance
 D - 2 potions of lignification
 O - a potion of might
 Y - a potion of berserk rage
Miscellaneous
 W - a piece from Xom's chessboard (15/15)


   Skills:
 * Level 11.7 Fighting
 * Level 10.8 Axes
 + Level 7.5 Armour
 + Level 7.4 Dodging


You had 10 spell levels left.
You didn't know any spells.
Your spell library was empty.

Dungeon Overview and Level Annotations

Branches:
Dungeon (11/15)            Temple (0/1) D:6            Lair (0/6) D:11
    Orc (0/2) D:11          Sewer (visited)         Gauntlet (visited)

Altars:
Elyvilon

Shops:
D:3 (

Annotations:
D:9 exclusion: 2 oklob plants


Innate Abilities, Weirdness & Mutations

You have a pair of large horns on your head.
You are partially covered in molten scales. (AC +2)
You regenerate a little health from kills.
You regenerate magic rapidly.
You are robust. (+10% HP)
You are covered in fur. (AC +1)


Message History

You headbutt the oklob plant, but do no damage.
The oklob plant is heavily damaged.
You hit the orc but do no damage. You closely miss the orc warrior.
The orc closely misses you. The oklob plant spits acid at you.
The splash of acid hits you. You resist.
The orc warrior hits you with a +0 dire flail.
You hit the oklob plant.
You headbutt the oklob plant, but do no damage.
The oklob plant is heavily damaged.
You closely miss the orc warrior. You slash the orc!
You kill the orc!
Trog accepts your kill.
You closely miss the orc. The orc hits you but does no damage.
The orc warrior hits you with a +0 dire flail.
The oklob plant spits acid at you. The splash of acid hits you! You resist.
The oklob plant spits acid at you. The splash of acid hits you! You resist.
* * * LOW HITPOINT WARNING * * *
You block the orc's attack. The oklob plant spits acid at you.
The splash of acid hits you! You resist.
* * * LOW HITPOINT WARNING * * *
You block the orc warrior's attack.
You completely miss the oklob plant.
The oklob plant is heavily damaged.
You barely miss the orc.
You hit the orc warrior but do no damage.
The orc warrior hits you with a +0 dire flail!
* * * LOW HITPOINT WARNING * * *
You block the orc's attack.
You hit the oklob plant but do no damage.
You headbutt the oklob plant, but do no damage.
The oklob plant is heavily damaged.
You hit the orc warrior but do no damage.
You hit the orc but do no damage.
You feel yourself speed up.
The orc warrior hits you with a +0 dire flail!
You die...

...........##.#
............#.#
..............#
....PP..!.....#
...PP.P.......#
..PP..PPP.....#
..P>.P[P......#
..PP..P.......#
...PP$[.@o....#
....PPPPo)!...#
.....P........#
.............#
...........###
..........##
........###
....#####


You could see 2 oklob plants, an orc warrior and an orc.

Vanquished Creatures
  A minotaur (Gauntlet)
  Snorg (D:11)
  A fire dragon (D:11)
  A boulder beetle (D:11)
  A hydra (D:10)
  A two-headed ogre (D:8)
  A wizard (Gauntlet)
  Pikel (D:7)
  An oklob plant (D:9)
  A manticore (D:11)
  2 gargoyles
  An efreet (D:10)
  A troll (D:11)
  3 centaur simulacra (Gauntlet)
  10 yaks (D:10)
  7 shadows
  A vampire (D:11)
  Edmund (D:5)
  2 water moccasins
  An acid dragon (D:7)
  A floating eye (D:9)
  6 orc warriors
  A swamp drake (D:11)
  2 ice beasts
  An ogre (D:6)
  3 centaurs
  3 kobold brigands
  Blork the orc (D:5)
  3 bullfrogs
  4 necrophages
  4 scorpions
  13 wights
  5 killer bees (D:9)
  A vampire bat (D:10)
  5 howler monkeys
  A wyvern simulacrum (Gauntlet)
  5 hounds
  3 jellies
  7 orc priests
  2 iguanas (D:5)
  10 orc wizards
  A river rat (Sewer)
  7 adders
  3 gnolls (D:8)
  5 shadow imps
  7 white imps
  5 worms
  A dart slug (D:3)
  38 orcs
  5 endoplasms
  4 giant cockroaches
  5 hobgoblins
  2 jackals (Sewer)
  2 quokkas (D:3)
  7 ball pythons
  9 bats
  6 frilled lizards
  10 goblins
  18 kobolds
  7 rats
262 creatures vanquished.

Vanquished Creatures (others)
  2 plants (D:9)
  22 withered plants (Gauntlet)
24 creatures vanquished.

Grand Total: 286 creatures vanquished

Notes
Turn   | Place    | Note
-------+----------+-------------------------------------------
     0 | D:1      | sammy202020 the Demonspawn Berserker began the quest for
                  | the Orb.
     0 | D:1      | Reached XP level 1. HP: 18/18 MP: 1/1
   628 | D:1      | Gained mutation: You have a pair of small horns on your
                  | head. [demonic ancestry]
   628 | D:1      | Reached XP level 2. HP: 22/24 MP: 2/2
  1215 | D:2      | Found a faded altar of an unknown god.
  1221 | D:2      | Reached XP level 3. HP: 25/29 MP: 0/3
  1824 | D:2      | Gained mutation: You passively dampen the noise of your
                  | surroundings. [potion of mutation]
  1824 | D:2      | Gained mutation: You sometimes lose the ability to read
                  | scrolls when taking damage. [potion of mutation]
  2131 | D:3      | Reached ** piety under Trog
  2134 | D:3      | Gained mutation: You regenerate a little health from kills.
                  | [demonic ancestry]
  2134 | D:3      | Reached XP level 4. HP: 36/37 MP: 0/4
  2347 | D:3      | Reached skill level 4 in Fighting
  2370 | D:3      | Found Xyalezah's Weapon Shop.
  2411 | D:3      | Noticed an orc warrior
  2420 | D:3      | Killed an orc warrior
  2421 | D:3      | Gained mutation: You have a pair of horns on your head.
                  | [demonic ancestry]
  2421 | D:3      | Reached XP level 5. HP: 31/43 MP: 0/5
  3308 | D:4      | Gained mutation: You have a pair of large horns on your
                  | head. [demonic ancestry]
  3308 | D:4      | Reached XP level 6. HP: 39/49 MP: 0/6
  3595 | D:4      | Found a glowing drain.
  3603 | Sewer    | Entered a sewer
  3724 | Sewer    | Reached skill level 5 in Fighting
  3868 | Sewer    | Lost mutation: You sometimes lose the ability to read
                  | scrolls when taking damage. [potion of mutation]
  3868 | Sewer    | Lost mutation: You passively dampen the noise of your
                  | surroundings. [potion of mutation]
  3868 | Sewer    | Gained mutation: You are strong-willed. (Will+) [potion of
                  | mutation]
  4105 | D:5      | Entered Level 5 of the Dungeon
  4107 | D:5      | Noticed Blork the orc
  4109 | D:5      | Noticed a water moccasin
  4110 | D:5      | Reached *** piety under Trog
  4111 | D:5      | Reached XP level 7. HP: 40/56 MP: 3/7
  4119 | D:5      | Killed Blork the orc
  4131 | D:5      | Reached skill level 5 in Axes
  4676 | D:5      | Identified the +6 whip of Mourning {drain, rC+ Will- Str+6}
  4709 | D:5      | Noticed Edmund
  4720 | D:5      | Killed Edmund
  4721 | D:5      | Reached skill level 6 in Fighting
  4797 | D:5      | Reached XP level 8. HP: 62/64 MP: 4/8
  5524 | D:6      | Found a staircase to the Ecumenical Temple.
  5830 | D:6      | Reached skill level 7 in Fighting
  6636 | D:7      | Noticed Pikel
  6639 | D:7      | Reached XP level 9. HP: 70/72 MP: 3/9
  6648 | D:7      | Killed Pikel
  7019 | D:7      | Reached **** piety under Trog
  7020 | D:7      | Reached skill level 8 in Fighting
  7067 | D:7      | Reached skill level 5 in Armour
  7168 | D:7      | Reached skill level 5 in Dodging
  8234 | D:8      | Noticed a two-headed ogre
  8243 | D:8      | Killed a two-headed ogre
  8244 | D:8      | Reached skill level 9 in Fighting
  8244 | D:8      | Gained mutation: You regenerate magic rapidly. [demonic
                  | ancestry]
  8244 | D:8      | Reached XP level 10. HP: 36/83 MP: 3/10
  9222 | D:9      | You fall into a shaft and drop 2 floors!
  9225 | D:11     | Noticed a manticore
  9233 | D:11     | Killed a manticore
  9284 | D:11     | Found a gate leading to a gauntlet.
  9452 | Gauntlet | Entered a Gauntlet
  9452 | Gauntlet | Noticed a wizard
  9452 | Gauntlet | Found a transporter.
  9452 | Gauntlet | Found a transporter.
  9456 | Gauntlet | Found a transporter.
  9456 | Gauntlet | Found a transporter.
  9456 | Gauntlet | Found a transporter.
  9457 | Gauntlet | Found a transporter.
  9467 | Gauntlet | Found a transporter.
  9467 | Gauntlet | Found a transporter.
  9470 | Gauntlet | Found a transporter.
  9470 | Gauntlet | Found a transporter.
  9480 | Gauntlet | Found a transporter.
  9597 | Gauntlet | Noticed an obsidian statue
  9600 | Gauntlet | Found a transporter.
  9687 | Gauntlet | Killed a wizard
  9914 | Gauntlet | Reached skill level 10 in Fighting
  9918 | Gauntlet | Reached ***** piety under Trog
  9943 | Gauntlet | Identified the amulet of Iwnuyc {Reflect rPois Will+ SH+5}
  9970 | Gauntlet | Noticed a minotaur
  9980 | Gauntlet | Killed a minotaur
 10548 | D:11     | Gained mutation: You are partially covered in molten
                  | scales. (AC +2) [demonic ancestry]
 10548 | D:11     | Reached XP level 11. HP: 67/92 MP: 7/11
 10683 | D:11     | Noticed a boulder beetle
 10707 | D:11     | Killed a boulder beetle
 10921 | D:11     | Noticed a fire dragon
 10931 | D:11     | Killed a fire dragon
 11290 | D:11     | Found a staircase to the Lair.
 11586 | D:11     | Noticed Snorg
 11596 | D:11     | Killed Snorg
 12165 | D:11     | Reached skill level 10 in Axes
 12322 | D:11     | Reached skill level 11 in Fighting
 12374 | D:11     | Found a staircase to the Orcish Mines.
 12681 | D:10     | Entered Level 10 of the Dungeon
 12689 | D:10     | Identified the amulet "Ocegunn" {Spirit rPois Str-2 Int+4}
 12982 | D:10     | Noticed a five-headed hydra
 12995 | D:10     | Killed a six-headed hydra
 13750 | D:9      | Lost mutation: You are strong-willed. (Will+) [potion of
                  | mutation]
 13750 | D:9      | Gained mutation: You are robust. (+10% HP) [potion of
                  | mutation]
 13750 | D:9      | Gained mutation: You are covered in fur. (AC +1) [potion of
                  | mutation]
 13831 | D:9      | Noticed an oklob plant
 13838 | D:9      | Noticed an oklob plant
 13838 | D:9      | Paralysed by a floating eye for 3 turns
 13841 | D:9      | Noticed an oklob plant
 13843 | D:9      | Paralysed by a floating eye for 4 turns
 13847 | D:9      | Killed an oklob plant
 13864 | D:9      | HP: 2/104 [orc warrior/+0 dire flail (14)]
 13865 | D:9      | Mangled by an orc warrior

Illustrated notes

Levels and vault maps discovered:
D:1:      minmay_arrival_shattered_statue, layout_loops_ring
D:2:      layout_loops_ring, basic_ecumenical_altar
D:3:      layout_basic, serial_shops, shop, minmay_randomly_rotated_circles
D:4:      layout_basic, lightli_sewer_entry_pipes, roderic_serpentine_path,
          minivault_23, minmay_goblin_kobold_house
D:5:      layout_loops_ring, elyvilon_altar_3, uniq_edmund, uniq_blork_the_orc
D:6:      layout_basic, minmay_temple_entry_stoned_glass,
          amcnicky_mini_rare_corridor_liquid
D:7:      layout_gridville, nicolae_concentric_dashed_squares_mild,
          nicolae_benzene_ring, nrook_mini_vaults, uniq_pikel
D:8:      layout_basic
D:9:      nzn_winding_woodlands_medium [nzn_winding_woodlands_5x5_default,
          nzn_winding_woodlands_5x15_garden,
          nzn_winding_woodlands_5x5_closed_star,
          nzn_winding_woodlands_5x5_checkerboard,
          nzn_winding_woodlands_center_pierced_h,
          nzn_winding_woodlands_5x5_perimeter, nzn_winding_woodlands_5x5_cross,
          nzn_winding_woodlands_5x15_split_checker,
          nzn_winding_woodlands_5x5_default], layout_irregular_city,
          enter_bailey_3, kennysheep_nub, minmay_holes,
          chequers_serial_rivers_micro_c, corexii_corridor_pit,
          nicolae_shop_fire_sale [nicolae_sub_dead_trees], disabler_island
D:10:     layout_roguey, minivault_20, roderic_batcave
D:11:     layout_long_grid, minmay_lair_entry_lava, erik_orc_1,
          gauntlet_entry_generic, uniq_snorg

Skill      XL: |  1  2  3  4  5  6  7  8  9 10 11 |
---------------+----------------------------------+-----
Axes           | 3 4 5 6 8 9 10 | 10.8
Dodging        | 2 3 4 5 6 7 |  7.4
Armour         | 2 3 4 5 6 7 |  7.5
Fighting       | 4 5 6 7 9 10 11 | 11.7

Action                   |  1- 3 |  4- 6 |  7- 9 | 10-12 || total
-------------------------+-------+-------+-------+-------++-------
Melee: Hand axe          |    90 |    37 |       |       ||   127
       Headbutt          |    13 |    16 |    30 |    59 ||   118
       Punch             |       |     1 |     1 |     3 ||     5
       War axe           |       |    62 |   187 |   249 ||   498
       Whip              |       |       |       |    11 ||    11
Invok: Berserk           |       |     1 |     1 |     8 ||    10
       Trog's Hand       |       |       |     1 |     4 ||     5
  Use: Scroll            |     9 |     8 |     9 |     6 ||    32
       Potion            |     1 |     1 |       |     1 ||     3
Armor: Ring mail         |    17 |    11 |       |       ||    28
       Animal skin       |     2 |       |       |       ||     2
       Chain mail        |       |    45 |   109 |       ||   154
       Plate armour      |       |       |       |   229 ||   229
Dodge: Dodged            |    62 |    74 |   115 |   137 ||   388
Block: Other             |       |       |       |    56 ||    56
       Reflection        |       |       |       |     2 ||     2

Table legend: (Time is in decaauts)
 A = Elapsed time spent in this place.
 B = Non-inter-level travel time spent in this place.
 C = Inter-level travel time spent in this place.
 D = Time resting spent in this place.
 E = Time spent auto-exploring this place.
 F = Levels seen in this place.
 G = Mean time per level.
                   A        B        C        D        E       F      G
               +--------+--------+--------+--------+--------+-----+--------+
         Total |  14079 |  13672 |    407 |   2614 |   8815 |  13 | 1083.0 |
       Dungeon |  12677 |  12270 |    407 |   2020 |   8415 |  11 | 1152.5 |
         Sewer |    295 |    295 |      0 |      0 |    236 |   1 |  295.0 |
      Gauntlet |   1106 |   1106 |      0 |    593 |    164 |   1 | 1106.0 |
               +--------+--------+--------+--------+--------+-----+--------+

Top non-repeatable levels by time:
    D:11: 2403 daAuts
     D:5: 1431 daAuts
     D:8: 1418 daAuts
     D:3: 1351 daAuts
     D:7: 1114 daAuts
Gauntlet: 1106 daAuts
     D:2: 1056 daAuts
     D:6: 1037 daAuts
    D:10: 989 daAuts
     D:1: 790 daAuts
     D:4: 713 daAuts
     D:9: 369 daAuts
   Sewer: 295 daAuts
